 Dungeon Crawl Stone Soup version 0.27.1-4-g1640c2035a (webtiles) character file.

Game seed: 16450303232668025455

24 Eitelfritz the Sneak (level 2, 0/15 HPs)
             Began as a Spriggan Brigand on Nov 1, 2021.
             Succumbed to an adder's poison
             ... on level 2 of the Dungeon.
             The game lasted 00:02:34 (779 turns).

Eitelfritz the Sneak (Spriggan Brigand)              Turns: 779, Time: 00:02:34

Health: 0/15       AC:  3    Str:  7    XL:     2   Next: 79%
Magic:  3/3        EV: 16    Int: 12    God:
Gold:   42         SH:  0    Dex: 16    Spells: 1/1 levels left

rFire    . . .     SeeInvis +   a - +2 dagger
rCold    . . .     Faith    .   (shield restricted)
rNeg     . . .     Spirit   .   b - +0 robe
rPois    .         Reflect  .   (helmet restricted)
rElec    .         Harm     .   c - +0 cloak
rCorr    .         Rampage  .   (gloves unavailable)
Will     .....                  (boots unavailable)
Stlth    ++++......             (no amulet)
HPRegen  0.05/turn              (no ring)
MPRegen  0.08/turn              (no ring)

@: lethally poisoned (0 -> -3), very quick
A: very small, no large weapons, unfitting armour, see invisible, speed 3
a: no special abilities


You were on level 2 of the Dungeon.
You visited 1 branch of the dungeon, and saw 2 of its levels.

You collected 42 gold pieces.

Inventory:

Hand Weapons
 a - a +2 dagger (weapon)
Missiles
 d - 7 poisoned darts (quivered)
 e - 2 curare-tipped darts
Armour
 b - a +0 robe (worn)
 c - a +0 cloak (worn)
Scrolls
 f - a scroll of brand weapon {unknown}
 g - 2 scrolls of teleportation {unknown}
 h - a scroll of noise {unknown}


   Skills:
 + Level 1.8 Fighting
 + Level 2.2 Short Blades
 + Level 2.1 Throwing
 + Level 1.3 Dodging
 + Level 6.9 Stealth


You had one spell level left.
You didn't know any spells.
Your spell library was empty.

Dungeon Overview and Level Annotations

Branches:
Dungeon (2/15)

Altars:


Innate Abilities, Weirdness & Mutations

You are very small and have problems with some larger weapons.
You are too small for most types of armour.
You have supernaturally acute eyesight. (SInv)
You cover ground extremely quickly. (Speed+++)


Message History

h - a scroll labelled VUTEUSUCUZ A bat and an adder come into view.
Found a plate armour.
You hit the bat.
The bat is severely wounded.
The bat closely misses you. The bat barely misses you.
Found a scroll labelled WYGEDYIRI.
You hit the bat.
You kill the bat!
You see here a bat corpse.
A hobgoblin comes into view.
The hobgoblin shouts!
Found an escape hatch in the floor.
The adder hisses angrily.
The adder bites you.
You barely miss the adder. The adder bites you but does no damage.
You hit the adder.
The adder is heavily wounded.
The adder bites you.
You are poisoned.
The adder poisons you!
You closely miss the adder.
The adder is heavily wounded.
You feel sick. The adder bites you.
You hit the adder.
The adder is severely wounded.
You feel sick. The adder bites you.
You are more poisoned.
The adder poisons you! The adder bites you.
* * * LOW HITPOINT WARNING * * *
* * * LOW HITPOINT WARNING * * *
You feel sick. The hobgoblin misses you.
* * * LOW HITPOINT WARNING * * *
You feel sick.
You see here a bat corpse.
* * * LOW HITPOINT WARNING * * *
You feel sick.
You aren't carrying any potions.
You die...

#.....††.#######...##)##
#. ........##.#
#...#...###.
####....##.#
#........... #.#####.#
##.<#...##.. #. #.#
#..##.####. #. #.#
#..##.# #. #.### ...##.#
#. #...# .#..?... >.
###@# #.#####.. .. #.# #
.. #.# #g# #######.##
......[S.#
...............
###...........>
#.####.###..#


You could see an adder and a hobgoblin.

Vanquished Creatures
  A dart slug (D:2)
  3 bats
  2 giant cockroaches
  4 goblins
  5 hobgoblins
  2 ball pythons (D:1)
  A frilled lizard (D:1)
18 creatures vanquished.

Notes
Turn   | Place    | Note
-------+----------+-------------------------------------------
     0 | D:1      | Eitelfritz the Spriggan Brigand began the quest for the
                  | Orb.
     0 | D:1      | Reached XP level 1. HP: 10/10 MP: 2/2
    91 | D:1      | Reached skill level 6 in Stealth
   200 | D:1      | Found a faded altar of an unknown god.
   457 | D:1      | Reached XP level 2. HP: 12/15 MP: 3/3
   779 | D:2      | Succumbed to an adder's poison

Illustrated notes

Levels and vault maps discovered:
D:1:      minmay_arrival_open_corners, layout_basic,
          ebering_ecumenical_altar_webs
D:2:      layout_loops_ring

Skill      XL: |  1 |
---------------+----+-----
Stealth        | 6 |  6.9
Fighting       | |  1.8
Short Blades   | |  2.2
Throwing       | |  2.1
Dodging        | |  1.3

Action                   || total
-------------------------++-------
Melee: Dagger            ||    47
Throw: Dart              ||     1
 Stab: Sleeping          ||     6
       Distracted        ||     2
Armor: Robe              ||     4
Dodge: Dodged            ||    24
